 Dungeon Sprint DCSS version 0.28.0-45-g0d030f2227 (webtiles) character file.

Game seed: 16319661027877729191

259 McKennaii the Covered (level 5, -8/52 HPs)
             Began as a Demigod Fighter on Apr 18, 2022.
             Mangled by a neqoxec (9 damage)
             ... in the Dungeon (Sprint II: "The Violet Keep of Menkaure").
             The game lasted 00:00:15 (26 turns).

McKennaii the Covered (Demigod Fighter)               Turns: 26, Time: 00:00:16

Health: -8/52      AC:  7    Str: 21    XL:     5   Next: 62%
Magic:  7/7        EV:  9    Int: 10    God:
Gold:   0          SH:  4    Dex: 13    Spells: 4/4 levels left

rFire   . . .      SeeInvis .   a - +0 long sword
rCold   . . .      Faith    .   c - +0 buckler
rNeg    . . .      Spirit   .   b - +0 scale mail
rPois   .          Reflect  .   (no helmet)
rElec   .          Harm     .   (no cloak)
rCorr   .          Rampage  .   (no gloves)
Will    .....      NoTele   +   (no boots)
Stlth   ..........              (no amulet)
HPRegen 0.17/turn               (no ring)
MPRegen 0.10/turn               (no ring)

@: on berserk cooldown, slowed, very slow
A: high MP 1, forlorn, divine attributes, no potion heal 1
a: no special abilities


You were in the Dungeon.
You visited 1 branch

Inventory:

Hand Weapons
 a - a +0 long sword (weapon)
Armour
 b - a +0 scale mail (worn)
 c - a +0 buckler (worn)
Scrolls
 j - a scroll of blinking
Potions
 d - a potion of might
 e - a potion of curing
 f - a potion of heal wounds
 g - a potion of haste
 h - 2 potions of magic


   Skills:
 + Level 7.1 Fighting
 + Level 6.7 Long Blades
 + Level 7.1 Armour
 - Level 2.6 Shields


You had 4 spell levels left.
You didn't know any spells.
Your spell library was empty.

Dungeon Overview and Level Annotations

Branches:
Dungeon (1/1)


Innate Abilities, Weirdness & Mutations

You have an increased reservoir of magic. (+10% MP)
You shall have no god before yourself.
Your divine heritage dramatically boosts your attributes as you level up.
Potions are less effective at restoring your health.


Message History

The neqoxec is lightly wounded.
You slice the neqoxec!!
The neqoxec is severely wounded.
A neqoxec comes into view.
The neqoxec closely misses you.
You barely miss the neqoxec.
The neqoxec is severely wounded.
You barely miss the neqoxec.
The neqoxec is severely wounded.
You closely miss the neqoxec.
The neqoxec is severely wounded.
The neqoxec hits you.
* * * LOW HITPOINT WARNING * * *
You hit the neqoxec.
The neqoxec is almost dead.
You slash the neqoxec!
You kill the neqoxec!
You are no longer berserk.
You are exhausted.
You feel yourself slow down.
Your Fighting skill gained 2 levels and is now at level 7!
Your Long Blades skill increases to level 6!
Your Armour skill gained 2 levels and is now at level 7!
You have reached level 5!
Unknown command.
You hit the neqoxec but do no damage. You block the neqoxec's attack.
The neqoxec hits you.
* * * LOW HITPOINT WARNING * * *
You slash the neqoxec!
The neqoxec is moderately wounded.
The neqoxec hits you.
* * * LOW HITPOINT WARNING * * *
You hit the neqoxec but do no damage.
The neqoxec is moderately wounded.
You block the neqoxec's attack. The neqoxec hits you!
* * * LOW HITPOINT WARNING * * *
You closely miss the neqoxec.
The neqoxec is moderately wounded.
The neqoxec hits you!
You die... ## ## ##$ .## .. .. ## B#B

#.# #+#
#3##.##
#@.<.+
###.##
#+#


You could see a neqoxec.

Vanquished Creatures
  2 neqoxecs (D)
2 creatures vanquished.

Notes
Turn   | Place    | Note
-------+----------+-------------------------------------------
     0 | D        | McKennaii the Demigod Fighter began the quest for the Orb.
     0 | D        | Reached XP level 1. HP: 18/18 MP: 3/3
     1 | D        | Noticed a boulder beetle
     1 | D        | Noticed a boulder beetle
     4 | D        | Noticed a neqoxec
     7 | D        | Gained mutation: Potions are less effective at restoring
                  | your health. [a neqoxec]
    10 | D        | Noticed a neqoxec
    15 | D        | Killed a neqoxec
    16 | D        | Reached skill level 5 in Fighting
    16 | D        | Reached skill level 5 in Long Blades
    16 | D        | Reached skill level 5 in Armour
    16 | D        | Reached XP level 2. HP: 11/30 MP: 4/4
    16 | D        | Reached XP level 3. HP: 13/37 MP: 5/5
    16 | D        | Reached XP level 4. HP: 16/44 MP: 6/6
    17 | D        | Noticed a neqoxec
    22 | D        | Killed a neqoxec
    23 | D        | Reached XP level 5. HP: 11/52 MP: 7/7
    25 | D        | HP: 1/52 [neqoxec (7)]
    26 | D        | Mangled by a neqoxec

Illustrated notes

Levels and vault maps discovered:
D:        the_violet_keep_of_menkaure [sprint2_stairs_cluster_1,
          sprint2_shoproom, sprint2_temple, sprint2_basic_supplies,
          sprint2_obstacle_7, sprint2_obstacle_5, sprint2_obstacle_2,
          sprint2_obstacle_1, sprint2_obstacle_4, sprint2_timed_cluster_1,
          sprint2_smallroom_cluster_1, sprint2_smallroom_final_cluster_1,
          sprint2_transparent_cluster_1, sprint2_second_timed_cluster_1,
          sprint2_sniper_area_1, sprint2_heavy_combat_area_1,
          sprint2_mutation_trap_area_1, sprint2_forest_area_1,
          sprint2_light_combat_area_1, sprint2_behind_water_1,
          sprint2_near_end_vault_1]

Skill      XL: |  1  2  3  4 |
---------------+-------------+-----
Fighting       | 5 7 |  7.1
Long Blades    | 5 6 |  6.7
Armour         | 5 7 |  7.1
Shields        | |  2.6

Action                   |  1- 3 |  4- 6 || total
-------------------------+-------+-------++-------
Melee: Long sword        |     9 |    11 ||    20
  Use: Potion            |     1 |       ||     1
Dodge: Dodged            |     1 |     1 ||     2
Block: Buckler           |       |     2 ||     2
